 Dungeon Crawl Stone Soup version 0.29-a0-721-g7f417c9bbb (webtiles) character file.

Game seed: 17990419768572227964

132 inmateoo the Trooper (level 4, -6/35 HPs)
             Began as a Demonspawn Fighter on June 27, 2022.
             Mangled by a gnoll
             ... wielding a +1 flail of protection
              (7 damage)
             ... on level 2 of the Dungeon.
             The game lasted 00:02:43 (2853 turns).

inmateoo the Trooper (Demonspawn Fighter)           Turns: 2853, Time: 00:02:43

Health: -6/35      AC:  6    Str: 18    XL:     4   Next: 92%
Magic:  4/4        EV:  9    Int: 10    God:
Gold:   109        SH:  4    Dex: 12    Spells: 3/3 levels left

rFire   . . .      SeeInvis .     - Unarmed
rCold   . . .      Faith    .   b - +0 buckler
rNeg    . . .      Spirit   .   a - +0 scale mail
rPois   .          Reflect  .   (no helmet)
rElec   .          Harm     .   (no cloak)
rCorr   .          Rampage  .   (no gloves)
Will    .....                   (no boots)
Stlth   ..........              (no amulet)
HPRegen 0.11/turn               (no ring)
MPRegen 0.09/turn               (no ring)

@: mighty
A: demonic touch 2
a: no special abilities


You were on level 2 of the Dungeon.
You visited 1 branch of the dungeon, and saw 2 of its levels.

You collected 109 gold pieces.

Inventory:

Armour
 a - a +0 scale mail (worn)
 b - a +0 buckler (worn)
Scrolls
 e - a scroll of magic mapping {unknown}
Potions
 f - a potion of haste
 i - 2 potions of attraction {unknown}


   Skills:
 + Level 3.5 Fighting
 + Level 3.1 Armour
 + Level 1.3 Dodging
 + Level 3.2 Shields
 * Level 3.1 Unarmed Combat


You had 3 spell levels left.
You didn't know any spells.
Your spell library was empty.

Dungeon Overview and Level Annotations

Branches:
Dungeon (2/15)

Altars:


Innate Abilities, Weirdness & Mutations

Your touch may inflict irresistible damage on your foes.


Message History

The gnoll is moderately wounded.
The gnoll closely misses you.
You hit the gnoll but do no damage.
The gnoll is moderately wounded.
The gnoll barely misses you.
You hit the gnoll.
The gnoll is moderately wounded.
The gnoll hits you with a +0 flail.
You completely miss the gnoll.
The gnoll is moderately wounded.
The gnoll hits you with a +0 flail.
You hit the gnoll but do no damage.
The gnoll is moderately wounded.
The gnoll hits you with a +0 flail.
You feel very mighty all of a sudden. You block the gnoll's attack.
You closely miss the gnoll.
The gnoll is moderately wounded.
You block the gnoll's attack.
You hit the gnoll.
The gnoll is severely wounded.
The gnoll hits you with a +0 flail.
You punch the gnoll!
You kill the gnoll!
You hit the gnoll.
The gnoll is heavily wounded.
The gnoll hits you with a +1 flail of protection!
* * * LOW HITPOINT WARNING * * *
You hit the gnoll.
The gnoll is severely wounded.
The gnoll hits you with a +1 flail of protection.
* * * LOW HITPOINT WARNING * * *
You closely miss the gnoll.
The gnoll is severely wounded.
The gnoll hits you with a +1 flail of protection.
* * * LOW HITPOINT WARNING * * *
You hit the gnoll but do no damage.
The gnoll is severely wounded.
The gnoll hits you with a +1 flail of protection!
You die...

#.# #.# #$# #.#
#### #(#
...######### #.#
##.......... #g#
###...##########@#
..+..............#
###...############
# #...# # ##### #
# # #


You could see a gnoll.

Vanquished Creatures
  5 gnolls (D:2)
  2 adders (D:2)
  2 worms (D:2)
  5 dart slugs (D:1)
  8 ball pythons
  9 bats
  8 endoplasms
  A giant cockroach (D:1)
  5 goblins
  A hobgoblin (D:1)
  2 kobolds (D:1)
  2 quokkas (D:1)
  3 rats (D:1)
53 creatures vanquished.

Vanquished Creatures (others)
  5 demonic plants (D:2)
  16 fungi (D:2)
  6 plants (D:2)
  4 withered plants (D:2)
31 creatures vanquished.

Grand Total: 84 creatures vanquished

Notes
Turn   | Place    | Note
-------+----------+-------------------------------------------
     0 | D:1      | inmateoo the Demonspawn Fighter began the quest for the
                  | Orb.
     0 | D:1      | Reached XP level 1. HP: 18/18 MP: 1/1
   325 | D:1      | Gained mutation: Your touch may inflict minor irresistible
                  | damage on your foes. [demonic ancestry]
   325 | D:1      | Reached XP level 2. HP: 24/24 MP: 2/2
   928 | D:1      | Gained mutation: Your touch may inflict irresistible damage
                  | on your foes. [demonic ancestry]
   928 | D:1      | Reached XP level 3. HP: 29/29 MP: 3/3
  1739 | D:2      | Reached skill level 1 in Dodging
  1932 | D:2      | Reached XP level 4. HP: 6/35 MP: 4/4
  2852 | D:2      | HP: 1/35 [gnoll/+1 flail of protection (1)]
  2853 | D:2      | Mangled by a gnoll

Illustrated notes

Levels and vault maps discovered:
D:1:      zelgadis_glass_arrival_small, layout_loops_ring
D:2:      layout_basic, shapermc_ecumenical_altar_gd, minmay_shallow_snake_nest

Skill      XL: |  1  2  3  4 |
---------------+-------------+-----
Unarmed Combat | 2 3 |  3.1
Shields        | 3 |  3.2
Armour         | 3 |  3.1
Dodging        | 1 |  1.3
Fighting       | |  3.5

Action                   |  1- 3 |  4- 6 || total
-------------------------+-------+-------++-------
Melee: Unarmed           |   190 |    79 ||   269
Throw: Dart              |     2 |     3 ||     5
  Use: Scroll            |     5 |       ||     5
       Potion            |       |     2 ||     2
Armor: Scale mail        |    75 |    16 ||    91
Dodge: Dodged            |    92 |    29 ||   121
Block: Buckler           |    43 |    14 ||    57

Table legend: (Time is in decaauts)
 A = Elapsed time spent in this place.
 B = Non-inter-level travel time spent in this place.
 C = Inter-level travel time spent in this place.
 D = Time resting spent in this place.
 E = Time spent auto-exploring this place.
 F = Levels seen in this place.
 G = Mean time per level.
                   A        B        C        D        E       F      G
               +--------+--------+--------+--------+--------+-----+--------+
         Total |   2852 |   2849 |      3 |   1762 |    554 |   2 | 1426.0 |
       Dungeon |   2852 |   2849 |      3 |   1762 |    554 |   2 | 1426.0 |
               +--------+--------+--------+--------+--------+-----+--------+

Top non-repeatable levels by time:
     D:1: 1434 daAuts
     D:2: 1418 daAuts
